 Dungeon Crawl Stone Soup version 0.26.1-11-gd32895ea62 (webtiles) character file.

Game seed: 10345061119735284304

29 Gwenloh the Chopper (level 3, 0/33 HPs)
             Began as a Minotaur Chaos Knight on May 2, 2021.
             Was a Plaything of Xom.
             Slain by a troll (shapeshifter) (1 damage)
             ... on level 2 of the Dungeon.
             The game lasted 00:02:26 (1278 turns).

Gwenloh the Chopper (Minotaur Chaos Knight)         Turns: 1278, Time: 00:02:27

Health: 0/33       AC:  5    Str: 16    XL:     3   Next: 1%
Magic:  2/2        EV: 11    Int:  9    God:    Xom [......]
Gold:   61         SH:  0    Dex: 10    Spells: 2/2 levels left

rFire    . . .     SeeInvis .   a - +0 hand axe (chaos)
rCold    . . .     Faith    .   (no shield)
rNeg     . . .     Spirit   .   i - +2 leather armour
rPois    .         Reflect  .   (helmet restricted)
rElec    .         Harm     .   (no cloak)
rCorr    .         Rampage  .   (no gloves)
Will     .....                  (no boots)
Stlth    +.........             (no amulet)
HPRegen  0.11/turn              (no ring)
MPRegen  0.08/turn              (no ring)

@: no status effects
A: retaliatory headbutt, horns 2
a: Renounce Religion


You were on level 2 of the Dungeon.
You worshipped Xom.
You were a very special plaything of Xom.
You visited 1 branch of the dungeon, and saw 2 of its levels.

You collected 61 gold pieces.

Inventory:

Hand Weapons
 a - a +0 hand axe of chaos (weapon)
 b - a +0 hunting sling
Missiles
 c - 59 stones (quivered)
Armour
 g - a +0 chain mail
 i - a +2 leather armour (worn)
Scrolls
 e - 2 scrolls of identify {unknown}
 h - 2 scrolls of enchant armour {unknown}
 j - a scroll of magic mapping {unknown}
Potions
 d - 2 potions of magic {unknown}
 f - a potion of curing {unknown}


   Skills:
 + Level 4.1 Fighting
 * Level 4.3 Axes
 + Level 2.6 Armour
 + Level 1.6 Dodging


You had 2 spell levels left.
You didn't know any spells.
Your spell library was empty.

Dungeon Overview and Level Annotations

Branches:
Dungeon (2/15)

Altars:


Innate Abilities, Weirdness & Mutations

You reflexively headbutt those who attack you in melee.
You have a pair of horns on your head.


Message History

The troll is lightly wounded.
The troll barely misses you.
The troll claws you but does no damage. x2
You hit the troll.
The troll is poisoned.
The troll is lightly wounded.
The troll bites you. The troll barely misses you. The troll misses you.
You hit the troll.
The troll seems to speed up.
Xom thinks this is hilarious!
The troll is moderately wounded.
The troll bites you. The troll claws you. The troll claws you!
* * * LOW HITPOINT WARNING * * *
You closely miss the troll.
The troll is moderately wounded.
The troll bites you!
* * * LOW HITPOINT WARNING * * *
Xom thinks this is hilarious!
The troll closely misses you. The troll barely misses you.
The troll completely misses you. The troll closely misses you.
The troll claws you.
You die...
Xom chortles!

#...#... ## .# #...#..
#.. .. . #...#.# #.##.♣
...###...#.########.#<..
..(....>†.........#.#..♣
...#.#...#.##.....#.#..#
. #.#.$.#.##.....#.#..♣
##.#<#...#.##.......#..#
.......@<#.##....#..#..♣
####.#.T.#.##....#..#..#
.......#.##....##.#..♣
#####...#.##....##.#..#
....#.##....##....♣
##..## #....##....# ...#
#######....# #... #....#
♣....#


You could see a troll shaped shifter (fast, very poisoned).

Vanquished Creatures
  A worm (D:2)
  A leopard gecko (D:1)
  4 bats
  2 giant cockroaches (D:1)
  2 goblins (D:1)
  5 hobgoblins (D:1)
  A frilled lizard (D:1)
  4 kobolds (D:1)
  4 rats
24 creatures vanquished.

Vanquished Creatures (others)
  A plant (D:2)
1 creature vanquished.

Grand Total: 25 creatures vanquished

Notes
Turn   | Place    | Note
-------+----------+-------------------------------------------
     0 | D:1      | Gwenloh the Minotaur Chaos Knight began the quest for the
                  | Orb.
     0 | D:1      | Reached XP level 1. HP: 19/19 MP: 0/0
   157 | D:1      | XOM: potion effect (brilliance)
   162 | D:1      | Reached XP level 2. HP: 24/27 MP: 1/1
   222 | D:1      | XOM: 2-stop teleportation journey
   405 | D:1      | XOM: silly message
   607 | D:1      | XOM: silly message
   765 | D:1      | XOM: silly message
   868 | D:1      | XOM: torment (15/27 hp)
  1252 | D:2      | Reached XP level 3. HP: 33/33 MP: 2/2
  1271 | D:2      | Noticed a shapeshifter
  1271 | D:2      | a worm changed into a shapeshifter
  1271 | D:2      | Noticed a blink frog
  1271 | D:2      | a shapeshifter changed into a blink frog
  1272 | D:2      | Noticed a troll
  1272 | D:2      | a blink frog changed into a troll
  1278 | D:2      | HP: 1/33 [troll (shapeshifter) (7)]
  1278 | D:2      | Slain by a troll (shapeshifter)

Illustrated notes

Levels and vault maps discovered:
D:1:      minmay_arrival_checkered_box, layout_basic, st_stairs_8,
          minmay_misc_feat_plants, minmay_crystal_room, hangedman_decor_lopped
D:2:      layout_basic, lemuel_crystal_altar, serial_forest,
          infiniplex_forest_corner_1, infiniplex_forest_end_3,
          infiniplex_forest_clump_small, infiniplex_forest_clump_tiny,
          infiniplex_forest_lined_2, infiniplex_forest_straight_2,
          infiniplex_forest_3_way, infiniplex_forest_lined_3, uniq_jessica

Skill      XL: |  1  2 |
---------------+-------+-----
Axes           | 4 |  4.3
Fighting       | 4 |  4.1
Armour         | |  2.6
Dodging        | |  1.6

Action                   || total
-------------------------++-------
Melee: Hand axe          ||    57
       Headbutt          ||     7
 Fire: Hunting sling     ||    12
Throw: Stone             ||     1
Armor: Leather armour    ||    33
Dodge: Dodged            ||    61
